 Dungeon Crawl Stone Soup version 0.18.1-47-g9310371 (webtiles) character file.

45 MistressOfTheDunes the Insei (level 3, -1/29 HPs)
             Began as a Mummy Monk on June 22, 2016.
             Killed from afar by Sigmund (15 damage)
             ... with a puff of flame
             ... on level 2 of the Dungeon.
             The game lasted 00:01:53 (1630 turns).

MistressOfTheDunes the Insei (Mummy Monk)           Turns: 1630, Time: 00:01:54

Health: -1/29      AC:  2    Str: 14    XL:     3   Next: 42%
Magic:  3/3        EV: 13    Int:  9    God:
Gold:   45         SH:  0    Dex: 15    Spells: 0 memorised, 2 levels left

rFire  x . .     SeeInvis .       - Unarmed
rCold  + . .     Gourm    .     (no armour)
rNeg   + + +     Faith    .     (no shield)
rPois  ∞         Spirit   .     (no helmet)
rElec  .         Dismiss  .     (no cloak)
rCorr  .         Reflect  .     g - +0 pair of gloves
SustAt .         Harm     .     a - +0 pair of boots
MR     .....                    (no amulet)
Stlth  ++........               (no ring)
                                (no ring)

@: not resistant to hostile enchantments, unstealthy
A: no food or potions, fire vulnerability, cold resistance 1, negative energy
resistance 3, torment resistance, unbreathing
a: no special abilities


You were on level 2 of the Dungeon.
You were not hungry.

You visited 1 branch of the dungeon, and saw 2 of its levels.

You collected 45 gold pieces.


Innate Abilities, Weirdness & Mutations

You do not eat or drink.
Your flesh is vulnerable to fire.
You are immune to poison.
Your flesh is cold resistant.
You are immune to negative energy.
You are immune to unholy pain and torment.
You can survive without breathing.


   Skills:
 - Level 3.0 Fighting
 - Level 2.4 Dodging
 - Level 1.5 Stealth
 + Level 4.3 Unarmed Combat


You had 2 spell levels left.
You didn't know any spells.

Inventory:

Armour
 a - a +0 pair of boots (worn)
 e - a +0 buckler
 g - a +0 pair of gloves (worn)
Scrolls
 b - a scroll of magic mapping {unknown}
 c - a scroll of immolation {unknown}
 d - a scroll of recharging {unknown}
 f - a scroll of identify {unknown}
Comestibles
 h - a royal jelly

Dungeon Overview and Level Annotations

Branches:
Dungeon (2/15)

Altars:

Annotations:
D:2 Sigmund

▒.▒▒▒▒.▒▒ ..▒ ▒..▒ ▒▒▒ ▒▒.▒
▒▒▒▒▒.▒▒▒▒▒▒ ▒▒▒▒▒▒▒.▒
▒(.........▒ ▒.....▒.▒
▒..[.......▒ ▒........▒
▒..........▒
▒.....[...▒▒▒▒▒..........▒
▒▒.........▒.M............▒
...........▒^▒▒▒..........▒
▒..........▒.▒ ▒..........▒
▒.).........▒ ▒..........▒
▒▒▒▒%........▒▒▒
▒..........▒ ...........@.▒
▒▒▒▒▒▒▒▒▒▒▒▒ .........)..▒
▒.........▒▒ ▒....†.....▒


You could see Sigmund.


Message History

You see here 19 stones!
You closely miss the quokka! The quokka barely misses you!
You barely miss the quokka! The quokka barely misses you!
You barely miss the quokka!
The quokka bites you but does no damage!
You barely miss the quokka! The quokka barely misses you!
You pulverise the quokka!!!
You annihilate the quokka!!!
No target in view!!!
No target in view!!!
You start resting!
A goblin and Sigmund come into view!
There are monsters nearby!!!
There are monsters nearby!!!
There are monsters nearby!!!
There are monsters nearby!!!
Sigmund shouts!!!
The goblin moves out of view!
You see here a rat corpse!
Things that are here:
a club x2; a kobold corpse Sigmund points at you and mumbles some strange words!
The puff of flame hits you!!! The fire burns you terribly!!!
DANG * * * don't die
* * *
There is a shaft here!
Sigmund gestures at you while chanting! The puff of flame hits you!!!
The fire burns you terribly!!!
DANG rip

Action                   || total
-------------------------++-------
Melee: Unarmed           ||   143
       Punch             ||     3
 Stab: Sleeping          ||     2
Armor: Skin              ||    11
Dodge: Dodged            ||    76

Vault maps used:
D:1:      lemuel_arrival_river_bridge
D:2:      ashenzari_altar_1, uniq_sigmund, uniq_natasha

Notes
Turn   | Place    | Note
--------------------------------------------------------------
     0 | D:1      | MistressOfTheDunes the Mummy Monk began the quest for the Orb.
     0 | D:1      | Reached XP level 1. HP: 18/18 MP: 1/1
   147 | D:1      | Reached XP level 2. HP: 8/24 MP: 2/2
   650 | D:1      | Reached skill level 4 in Unarmed Combat
   888 | D:1      | Reached XP level 3. HP: 27/29 MP: 3/3
  1344 | D:2      | Noticed Sigmund
  1630 | D:2      | Killed from afar by Sigmund

Vanquished Creatures
  3 dart slugs (D:1)
  2 giant geckos (D:1)
  A ball python (D:1)
  3 bats (D:1)
  A giant cockroach (D:1)
  3 goblins (D:1)
  6 hobgoblins
  A quokka (D:2)
  5 giant newts
  5 kobolds
  7 rats
37 creatures vanquished.
